 Dungeon Crawl Stone Soup version 0.22.1-6-g1668fe2c40 (webtiles) character file.

3798 Kohma the Grappler (level 9, -1/96 HPs)
             Began as a Troll Monk on Jan 22, 2019.
             Was an Elder of Wu Jian.
             Slain by a white ugly thing (11 damage)
             ... on level 8 of the Dungeon.
             The game lasted 00:25:11 (7561 turns).

Kohma the Grappler (Troll Monk)                     Turns: 7561, Time: 00:25:12

Health: -1/96      AC: 11    Str: 21    XL:     9   Next: 96%
Magic:  8/8        EV: 18    Int:  6    God:    Wu Jian [****..]
Gold:   528        SH:  0    Dex: 20    Spells: 8/8 levels left

rFire    + . .     SeeInvis .     - Unarmed
rCold    + . .     Gourm    +   (no shield)
rNeg     . . .     Faith    .   C - +2 robe {rC+ rF+}
rPois    +         Spirit   .   (helmet restricted)
rElec    .         Reflect  .   t - +1 cloak
rCorr    .         Harm     .   (gloves unavailable)
MR       .....                  (boots unavailable)
Stlth    +++.......             (no amulet)
HPRegen  0.66/turn              p - ring of poison resistance
MPRegen  0.11/turn              e - +2 ring of protection

@: agile
A: large, unfitting armour, claws 3, fast metabolism 3, gourmand, regeneration
1, shaggy fur 1, tough skin 2
a: Wall Jump, Serpent's Lash, Renounce Religion


You were on level 8 of the Dungeon.
You worshipped Wu Jian.
Wu Jian was greatly pleased with you.
You were very full.

You visited 2 branches of the dungeon, and saw 10 of its levels.

You collected 528 gold pieces.

Inventory:

Missiles
 k - 210 stones
 v - a throwing net (quivered)
Armour
 t - a +1 cloak (worn)
 C - a +2 robe of resistance (worn)
Jewellery
 a - an uncursed ring of magical power {unknown}
 e - a +2 ring of protection (right claw)
 p - a ring of poison resistance (left claw)
Wands
 u - a wand of paralysis (10)
 E - a wand of iceblast (5)
Scrolls
 c - a scroll of blinking
 d - 7 scrolls of teleportation
 f - a scroll of random uselessness {unknown}
 g - 2 scrolls of amnesia {unknown}
 n - 3 scrolls of fog
 o - 2 scrolls of magic mapping
 r - 2 scrolls of fear {unknown}
 s - 2 scrolls of enchant weapon {unknown}
 y - a scroll of immolation {unknown}
 z - 6 scrolls of remove curse {unknown}
 A - 2 scrolls of enchant armour
 B - a scroll of holy word {unknown}
Potions
 h - a potion of heal wounds
 i - 4 potions of agility
 j - a potion of invisibility {unknown}
 l - 2 potions of haste {unknown}
 m - 3 potions of curing {unknown}
 q - a potion of ambrosia {unknown}
 w - a potion of might
 x - 3 potions of brilliance {unknown}
Comestibles
 b - 16 rations
 D - a chunk of flesh


   Skills:
 + Level 8.3 Fighting
 + Level 5.1 Dodging
 - Level 1.0 Stealth
 + Level 9.9 Unarmed Combat


You had 8 spell levels left.
You didn't know any spells.
Your spell library contained the following spells:

 Spells                   Type           Power        Failure   Level  Hunger
 Corona                   Hex            #......      45%         1    ##.....
 Slow                     Hex            #.......     58%         2    ###....
 Inner Flame              Hex/Fire       #.......     83%         3    ####...
 Portal Projectile        Hex/Tloc       #.....       83%         3    ####...
 Cause Fear               Hex            #.........   99%         4    #####..
 Leda's Liquefaction      Hex/Erth       #.........   99%         4    #####..


Dungeon Overview and Level Annotations

Branches:
Dungeon (9/15)             Temple (1/1) D:4
   Lair: D:8-11         Orc: D:9-12

Altars:
Ashenzari
Cheibriados
Dithmenos
Elyvilon
Fedhas
Gozag
Hepliaklqana
Kikubaaqudgha
Makhleb
Nemelex Xobeh
Okawaru
Qazlal
Ru
Sif Muna
Uskayaw
Vehumet
Wu Jian
Xom
Yredelemnul
Zin
The Shining One


Innate Abilities, Weirdness & Mutations

You are too large for most types of armour.
You have claws for hands.
Your metabolism is lightning-fast.
You like to eat raw meat.
Your natural rate of healing is unusually fast.
You are covered in fur. (AC +1)
You have very tough skin. (AC +2)


Message History

The white ugly thing headbutts you! The white ugly thing freezes you!
You resist.
* * * LOW HITPOINT WARNING * * *
You scratch the white ugly thing. Your claw misses the white ugly thing.
The white ugly thing is lightly wounded.
The white ugly thing completely misses you.
You claw the white ugly thing!
The white ugly thing is moderately wounded.
The white ugly thing barely misses you.
You claw the white ugly thing!
The white ugly thing is heavily wounded.
The white ugly thing closely misses you.
You scratch the white ugly thing.
The white ugly thing is heavily wounded.
You scratch the white ugly thing but do no damage.
The white ugly thing is heavily wounded.
The white ugly thing headbutts you!
* * * LOW HITPOINT WARNING * * *
The white ugly thing freezes you! You resist.
You die...

.........#.#
...#######.# ...#
#...# ...#
#.######### ...#
#.........# ...#
#########.# ####
#.# #.# ##### #@#
....############u#
...........>.)...#
....##############
....# .#### .#
.### ...#


You could see a white ugly thing.

Vanquished Creatures
  Joseph (D:7)
  Grinder (D:6)
  The ghost of iVAG the Conjurer, an amateur DrCj (D:4)
  Eustachio (D:4)
  A hungry ghost (D:8)
  A black bear (D:8)
  2 ice beasts
  2 phantoms
  A sky beast (D:7)
  2 ogres
  2 crocodiles
  3 bullfrogs
  A big kobold (D:8)
  4 scorpions
  4 killer bees (D:8)
  7 howler monkeys
  2 crimson imps
  3 jellies
  A quasit (D:8)
  2 hounds
  2 orc priests
  2 iguanas
  5 orc wizards
  2 bullfrog skeletons
  A centaur skeleton (D:6)
  6 worker ants
  A hound skeleton (D:8)
  A worker ant zombie (D:9)
  10 gnolls
  8 adders
  A shadow imp (D:8)
  An ooze (D:3)
  5 worms
  2 dart slugs (D:1)
  A leopard gecko (D:5)
  24 orcs
  4 giant cockroaches
  10 goblins
  7 hobgoblins
  7 jackals
  5 quokkas
  7 bats
  8 frilled lizards
  8 kobolds
  A leopard gecko skeleton (D:6)
  8 rats
179 creatures vanquished.

Notes
Turn   | Place    | Note
-------+----------+-------------------------------------------
     0 | D:1      | Kohma the Troll Monk began the quest for the Orb.
     0 | D:1      | Reached XP level 1. HP: 22/22 MP: 0/0
   327 | D:1      | Reached XP level 2. HP: 29/29 MP: 1/1
   892 | D:2      | Reached XP level 3. HP: 36/36 MP: 2/2
  1444 | D:2      | Reached XP level 4. HP: 45/45 MP: 3/3
  1725 | D:3      | Reached skill level 4 in Unarmed Combat
  1776 | D:3      | Noticed an ice beast
  1792 | D:3      | Killed an ice beast
  1792 | D:3      | Reached XP level 5. HP: 24/53 MP: 4/4
  2082 | D:3      | Reached XP level 6. HP: 60/62 MP: 5/5
  2758 | D:4      | Found a staircase to the Ecumenical Temple.
  2764 | Temple   | Entered the Ecumenical Temple
  2769 | Temple   | Became a worshipper of the Wu Jian Council
  2769 | Temple   | Reached * piety under Wu Jian
  2769 | Temple   | Reached ** piety under Wu Jian
  2970 | D:4      | Reached skill level 5 in Unarmed Combat
  2974 | D:4      | Reached XP level 7. HP: 52/70 MP: 6/6
  3203 | D:4      | Noticed Eustachio
  3211 | D:4      | Killed Eustachio
  3257 | D:4      | Found a runed door.
  3257 | D:4      | Noticed iVAG's ghost (amateur DrCj)
  3270 | D:4      | Killed iVAG's ghost
  3270 | D:4      | Reached skill level 5 in Fighting
  3270 | D:4      | Reached skill level 5 in Dodging
  3270 | D:4      | Reached skill level 6 in Unarmed Combat
  3330 | D:4      | Reached XP level 8. HP: 69/80 MP: 7/7
  3596 | D:5      | Entered Level 5 of the Dungeon
  4484 | D:6      | Noticed Grinder
  4497 | D:6      | Killed Grinder
  4497 | D:6      | Reached skill level 7 in Unarmed Combat
  4849 | D:6      | Reached *** piety under Wu Jian
  5194 | D:7      | Reached skill level 8 in Unarmed Combat
  5194 | D:7      | Reached XP level 9. HP: 84/92 MP: 8/8
  5235 | D:7      | Noticed Joseph
  5249 | D:7      | Killed Joseph
  6364 | D:8      | Reached skill level 9 in Unarmed Combat
  6845 | D:8      | Reached **** piety under Wu Jian
  7513 | D:9      | Noticed a white ugly thing
  7561 | D:8      | Slain by a white ugly thing

Skill      XL: |  1  2  3  4  5  6  7  8  9 |
---------------+----------------------------+-----
Fighting       | 3 4 5 6 8 |  8.3
Dodging        | 3 4 5 |  5.1
Unarmed Combat | 4 5 6 8 9 |  9.9
Stealth        | |  1.0

Action                   |  1- 3 |  4- 6 |  7- 9 || total
-------------------------+-------+-------+-------++-------
Melee: Unarmed           |    98 |   136 |   328 ||   562
       Punch             |       |     1 |    11 ||    12
Invok: Wall Jump         |       |     1 |    21 ||    22
       Lunge             |       |       |    35 ||    35
       Whirlwind         |       |       |    32 ||    32
Evoke: Wand              |       |       |     4 ||     4
  Use: Scroll            |       |    10 |     2 ||    12
       Potion            |       |       |     2 ||     2
 Stab: Sleeping          |     2 |     3 |     8 ||    13
  Eat: Chunk             |    19 |    13 |    49 ||    81
Armor: Robe              |    44 |    64 |    81 ||   189
Dodge: Dodged            |    91 |   107 |   125 ||   323
